 Dungeon Crawl Stone Soup version 0.22.1-2-g9c5b331 (webtiles) character file.

41102 magicm the Quickloader (level 13, -2/123 HPs)
             Began as a Deep Dwarf Hunter on Nov 17, 2018.
             Was the Champion of Okawaru.
             Slain by Difoud's ghost (3 damage)
             ... on level 2 of the Lair of Beasts.
             The game lasted 01:21:04 (13483 turns).

magicm the Quickloader (Deep Dwarf Hunter)         Turns: 13483, Time: 01:21:05

Health: -2/123     AC: 23    Str: 20    XL:     13   Next: 78%
Magic:  0/0        EV: 21    Int: 17    God:    Okawaru [******]
Gold:   1025       SH:  6    Dex: 21    Spells: 11/12 levels left

rFire    + . .     SeeInvis .   b - +7 eveningstar of Orphougun {venom, rF+}
rCold    . . .     Gourm    .   (no shield)
rNeg     . . .     Faith    .   q - +3 ring mail
rPois    +         Spirit   .   z - +2 helmet
rElec    .         Reflect  +   F - +2 cloak {rPois}
rCorr    .         Harm     .   d - +0 pair of gloves of the Game of Kings {rPois Regen+ Int+2 Dex+3}
MR       +....                  k - +0 pair of boots "Fumuug" {Str+2}
Stlth    ++........             h - +6 amulet of reflection
HPRegen  0.00/turn              o - +5 ring of protection
MPRegen  0.07/turn              l - +4 ring of slaying

@: agile, lethally poisoned (-2 -> -8), non-regenerating, very heavily drained
A: damage resistance, heal wounds, sense surroundings 2, no regeneration
a: Heal Wounds, Heroism, Finesse, Renounce Religion


You were on level 2 of the Lair of Beasts.
You worshipped Okawaru.
Okawaru was exalted by your worship.
You were hungry.

You visited 2 branches of the dungeon, and saw 16 of its levels.

You collected 1170 gold pieces.
You spent 145 gold pieces at shops.

Inventory:

Hand Weapons
 a - a +4 arbalest of flaming
 b - the +7 eveningstar of Orphougun (weapon) {venom, rF+}
   (Okawaru gifted it to you on level 13 of the Dungeon)

   It poisons the flesh of those it strikes.
   It protects you from fire.
Missiles
 A - 160 bolts
 C - 18 tomahawks (quivered)
Armour
 d - the +0 pair of gloves of the Game of Kings (worn) {rPois Regen+ Int+2 Dex+3}
   (You acquired it on level 6 of the Dungeon)

   It affects your intelligence (+2).
   It affects your dexterity (+3).
   It protects you from poison.
   It increases your rate of regeneration.
 k - the +0 pair of boots "Fumuug" (worn) {Str+2}
   (You found it on level 1 of the Lair of Beasts)

   It affects your strength (+2).
 q - a +3 ring mail (worn)
 u - a +1 pair of boots
 z - a +2 helmet (worn)
 F - a +2 cloak of poison resistance (worn)
Jewellery
 h - a +6 amulet of reflection (around neck)
 l - a +4 ring of slaying (right hand)
 o - a +5 ring of protection (left hand)
 H - a +4 ring of protection
Wands
 i - a wand of iceblast (30)
 m - a wand of flame (8)
 E - a wand of random effects (27)
Scrolls
 c - 5 scrolls of magic mapping
 e - 2 scrolls of fear
 j - 5 scrolls of remove curse
 n - a scroll of blinking
 x - 5 scrolls of teleportation
 B - 3 scrolls of amnesia
 G - 2 scrolls of fog
Potions
 g - 4 potions of invisibility
 p - 4 potions of flight
 s - 4 potions of cancellation
 v - 3 potions of agility
 w - a potion of brilliance
 D - 2 potions of magic
 I - 2 potions of resistance
Miscellaneous
 t - a crystal ball of energy
Comestibles
 f - 20 rations


   Skills:
 + Level 10.1(6.0) Fighting
   Level 0.8(0.0) Short Blades
 + Level 7.5(3.7) Maces & Flails
   Level 10.1(6.1) Polearms
 + Level 12.4(8.1) Crossbows
 + Level 1.4(0.0) Throwing
 + Level 10.0(5.9) Armour
 + Level 10.2(6.1) Dodging
 + Level 3.1(0.0) Stealth
 + Level 1.5(0.0) Invocations
 + Level 0.9(0.0) Evocations


You had 11 spell levels left.
You knew the following spells:

 Your Spells              Type           Power        Failure   Level  Hunger
a - Confusing Touch       Hex            #.....       36%         1    ##.....

Your spell library contained the following spells:

 Spells                   Type           Power        Failure   Level  Hunger
 Freeze                   Ice            #...         36%         1    ##.....
 Throw Frost              Conj/Ice       #.....       50%         2    ###....
 Confuse                  Hex            #.......     75%         3    ####...
 Gell's Gravitas          Tloc           #.........   75%         3    ####...
 Ozocubu's Armour         Chrm/Ice       #.......     75%         3    ####...
 Petrify                  Tmut/Erth      #.......     98%         4    #####..
 Summon Ice Beast         Ice/Summ       #.......     98%         4    #####..
 Throw Icicle             Conj/Ice       #.......     98%         4    #####..
 Metabolic Englaciation   Hex/Ice        #.........   100%        5    ######.
 Yara's Violent Unravell  Hex/Tmut       #.........   100%        5    ######.


Dungeon Overview and Level Annotations

Branches:
Dungeon (14/15)            Temple (0/1) D:6            Lair (2/6) D:8
    Orc (0/2) D:10         Vaults (0/5) D:14
  Swamp: Lair:2-4    Shoals: Lair:2-4     Snake: Lair:2-4    Spider: Lair:2-4

Altars:
Ashenzari
Cheibriados
Hepliaklqana
Kikubaaqudgha
Makhleb
Okawaru
Qazlal
Ru
Trog
Uskayaw
Wu Jian
Xom
Yredelemnul

Shops:
D:13 *

Annotations:
D:14 exclusion: Roxanne, Roxanne
Lair:2 Difoud's ghost, journeyman HuWn


Innate Abilities, Weirdness & Mutations

You are resistant to damage.
You can heal yourself by infusing magical energy.
You passively map the area around you.
You do not regenerate.


Message History

You block the spiny frog's attack. The water moccasin barely misses you.
Difoud's ghost misses you. The porcupine misses you.
You feel agile all of a sudden.
* * * LOW HITPOINT WARNING * * *
You feel very sick. The spiny frog misses you.
The water moccasin bites you but does no damage.
The porcupine bites you but does no damage.
You block Difoud's ghost's attack. The water moccasin barely misses you.
The spiny frog misses you.
You barely miss Difoud's ghost.
Difoud's ghost is lightly damaged.
* * * LOW HITPOINT WARNING * * *
You feel very sick. The porcupine misses you.
The water moccasin completely misses you.
Difoud's ghost hits you!
* * * LOW HITPOINT WARNING * * *
You feel drained.
You die...

#....#.#.$.....#....###.#...
##.#.##.#l.[[:)F#......#.....
##.......#F##.##F#.....##..#..
####........#.##.##.#...P....#..#
..<..##.....#.##.##.#....P.#.....
.P.##.#.#...#.......#...#.....#..
..####..#.#.#...F...#...##.....#.
.## ##.....###WrS###...###.P.##.
.## #...##.....@F....##.#......#
..####...###.P........#.....<....
....##.#..#.#.....###..##..##..##
#.#.#####......##..##.#.#.#######
.#...###......###.........#
P#.รท......#..####.##...#P.#
.#........#...##..###.P##.#
..............#........#### ###
........#........>....## ### #..


You could see a spiny frog, a blink frog, a water moccasin, a porcupine and
Difoud's ghost.

Vanquished Creatures
  The ghost of Icoont the Carver, a journeyman FoFi of Cheibriados (D:13)
  Josephine (D:13)
  8 vault guards (D:14)
  3 hydras
  2 naga warriors (D:13)
  2 two-headed ogres (D:13)
  A death knight (D:12)
  2 tengu warriors
  3 death yaks (D:8)
  Urug (Lair:1)
  Sonja (D:13)
  2 swamp dragons (Lair:1)
  A deep elf archer (D:13)
  An orc knight (D:13)
  2 manticores
  4 black mambas
  5 spiny frogs
  A komodo dragon (Lair:2)
  A tengu conjurer (D:14)
  A freezing wraith (D:12)
  A queen bee (D:10)
  A polar bear (Lair:2)
  4 trolls
  10 blink frogs
  A hornet (D:14)
  3 hippogriffs
  A hippogriff (shapeshifter) (D:14)
  A wyvern (D:10)
  9 wraiths
  A shadow (D:11)
  16 yaks
  2 vampire mosquitoes (D:13)
  2 hungry ghosts
  A basilisk (Lair:2)
  Menkaure (D:3)
  An acid dragon (D:12)
  4 water moccasins
  8 porcupines
  An ice beast (D:13)
  4 orc warriors
  3 sky beasts
  A hornet zombie (D:12)
  An eye of draining (D:10)
  2 phantoms
  4 ogres
  5 wolves (Lair:2)
  9 centaurs
  4 crocodiles
  A big kobold (D:8)
  18 bullfrogs
  A wyvern skeleton (D:13)
  6 scorpions
  23 killer bees
  4 howler monkeys
  9 wights
  4 electric eels (Lair:1)
  7 crimson imps
  2 bullfrog zombies
  3 jellies
  A quasit (D:4)
  3 centaur zombies
  4 bullfrog skeletons
  9 orc wizards
  2 centaur skeletons
  2 orc priests (D:11)
  8 hounds
  An iron imp (D:5)
  Terence (D:3)
  An iguana (D:13)
  2 worker ants (D:5)
  Natasha (thrice) (D:2)
  3 hell rats (D:8)
  A hound skeleton (D:3)
  2 worker ant zombies
  Robin (D:3)
  5 adders
  10 shadow imps
  2 oozes
  An adder zombie (D:5)
  2 adder skeletons
  A worm (D:5)
  4 dart slugs
  4 leopard geckos
  40 orcs
  5 giant cockroaches
  10 goblins
  11 hobgoblins
  9 jackals
  8 kobolds
  6 quokkas
  2 ball pythons
  9 bats
  4 frilled lizards
  A jackal skeleton (D:3)
  A leopard gecko zombie (D:5)
  8 rats
409 creatures vanquished.

Vanquished Creatures (others)
  A goblin (D:3)
  A fungus (Lair:2)
  2 plants (Lair:2)
4 creatures vanquished.

Grand Total: 413 creatures vanquished

Notes
Turn   | Place    | Note
-------+----------+-------------------------------------------
     0 | D:1      | magicm the Deep Dwarf Hunter began the quest for the Orb.
     0 | D:1      | Reached XP level 1. HP: 19/19 MP: 1/1
   189 | D:1      | Reached XP level 2. HP: 26/26 MP: 2/2
   293 | D:1      | Reached skill level 5 in Crossbows
   663 | D:2      | Found a bloodstained altar of Trog.
   663 | D:2      | Found a shattered altar of Ashenzari.
   663 | D:2      | Found a hide-covered altar of Uskayaw.
   663 | D:2      | Noticed a hand axe
   663 | D:2      | Noticed a dagger
   808 | D:2      | Reached XP level 3. HP: 27/32 MP: 3/3
   821 | D:2      | Found an ornate altar of the Wu Jian Council.
  1008 | D:2      | Noticed Natasha
  1016 | D:2      | Killed Natasha
  1164 | D:2      | Reached XP level 4. HP: 29/39 MP: 4/4
  1530 | D:2      | Noticed Natasha
  1537 | D:2      | Killed Natasha
  1582 | D:2      | Noticed Natasha
  1583 | D:2      | Killed Natasha
  1583 | D:2      | Reached skill level 6 in Crossbows
  1583 | D:2      | Reached skill level 1 in Armour
  1727 | D:3      | Noticed Robin
  1739 | D:3      | Killed Robin
  1739 | D:3      | Reached XP level 5. HP: 22/45 MP: 5/5
  2008 | D:3      | Noticed Terence
  2020 | D:3      | Killed Terence
  2051 | D:3      | Found an iron altar of Okawaru.
  2059 | D:3      | Became a worshipper of Warmaster Okawaru
  2162 | D:3      | Found a transporter.
  2184 | D:3      | Found a transporter.
  2184 | D:3      | Found a basalt altar of Yredelemnul.
  2188 | D:3      | Noticed Menkaure
  2194 | D:3      | Found an ancient bone altar of Kikubaaqudgha.
  2336 | D:3      | Killed Menkaure
  2336 | D:3      | Reached skill level 1 in Polearms
  2336 | D:3      | Reached XP level 6. HP: 55/55 MP: 6/6
  2473 | D:4      | Reached * piety under Okawaru
  2648 | D:4      | Reached skill level 7 in Crossbows
  2714 | D:4      | Reached XP level 7. HP: 60/62 MP: 7/7
  2922 | D:5      | Entered Level 5 of the Dungeon
  3108 | D:5      | Learned a level 1 spell: Confusing Touch
  3204 | D:5      | Found a snail-covered altar of Cheibriados.
  3588 | D:6      | Found a staircase to the Ecumenical Temple.
  3593 | D:6      | Reached ** piety under Okawaru
  3624 | D:6      | Identified a scroll of acquirement
  3625 | D:6      | Got a pair of jewelled gloves
  3631 | D:6      | Identified the +0 pair of gloves of the Game of Kings
                  | {rPois Regen+ Int+2 Dex+3} (You acquired it on level 6 of
                  | the Dungeon)
  3717 | D:6      | Found a burning altar of Makhleb.
  3730 | D:6      | Reached skill level 8 in Crossbows
  3730 | D:6      | Reached XP level 8. HP: 67/70 MP: 8/8
  4603 | D:7      | Found a stormy altar of Qazlal.
  4898 | D:7      | Found a shimmering altar of Xom.
  4973 | D:7      | Found a sacrificial altar of Ru.
  5072 | D:8      | Reached *** piety under Okawaru
  5162 | D:8      | Gained mutation: You passively map the area around you.
                  | [Deep Dwarf growth]
  5162 | D:8      | Reached XP level 9. HP: 56/79 MP: 9/9
  5211 | D:8      | Noticed a death yak
  5212 | D:8      | Reached skill level 5 in Polearms
  5213 | D:8      | Noticed a death yak
  5214 | D:8      | Noticed a death yak
  5252 | D:8      | Killed a death yak
  5252 | D:8      | Reached skill level 5 in Fighting
  5252 | D:8      | Reached skill level 9 in Crossbows
  5252 | D:8      | Reached skill level 5 in Armour
  5252 | D:8      | Reached skill level 5 in Dodging
  5270 | D:8      | Killed a death yak
  5270 | D:8      | Received a gift from Okawaru
  5270 | D:8      | Reached **** piety under Okawaru
  5287 | D:8      | Killed a death yak
  5287 | D:8      | Received a gift from Okawaru
  5287 | D:8      | Reached XP level 10. HP: 56/91 MP: 7/9
  5337 | D:8      | Found a staircase to the Lair.
  5680 | D:8      | Received a gift from Okawaru
  6478 | D:9      | Found a hazy altar of Hepliaklqana.
  6673 | D:10     | Entered Level 10 of the Dungeon
  7054 | D:10     | Found a staircase to the Orcish Mines.
  7491 | D:11     | Reached ***** piety under Okawaru
  7501 | D:11     | Received a gift from Okawaru
  7581 | D:11     | Reached skill level 10 in Crossbows
  7761 | D:11     | Reached XP level 11. HP: 94/99 MP: 9/9
  7783 | D:11     | Received a gift from Okawaru
  8359 | D:12     | Noticed a death knight
  8397 | D:12     | Killed a death knight
  8764 | D:12     | Received a gift from Okawaru
  9363 | D:13     | Noticed Sonja
  9446 | D:13     | Reached skill level 11 in Crossbows
  9465 | D:13     | Noticed a two-headed ogre
  9475 | D:13     | Killed a two-headed ogre
  9509 | D:13     | Killed Sonja
  9609 | D:13     | Found a runed gate.
  9610 | D:13     | Found a runed gate.
  9610 | D:13     | Noticed an orc knight
  9611 | D:13     | Noticed a naga warrior
  9612 | D:13     | Found a runed gate.
  9612 | D:13     | Noticed a deep elf archer
  9613 | D:13     | Noticed a tengu warrior
  9618 | D:13     | Noticed Icoont's ghost (journeyman FoFi)
  9618 | D:13     | Noticed a naga warrior
  9619 | D:13     | Found an iron altar of Okawaru.
  9642 | D:13     | Noticed Josephine
  9671 | D:13     | Killed Josephine
  9724 | D:13     | Reached XP level 12. HP: 57/110 MP: 4/7
  9801 | D:13     | Found Voek's Assorted Antiques.
  9809 | D:13     | Bought a scroll of identify for 58 gold pieces
  9809 | D:13     | Bought a scroll of identify for 58 gold pieces
  9809 | D:13     | Bought a scroll labeled FYTOMN ZEBLIR for 29 gold pieces
 10028 | D:13     | Noticed a two-headed ogre
 10031 | D:13     | Killed a two-headed ogre
 10254 | D:13     | Received a gift from Okawaru
 10474 | D:13     | Killed a naga warrior
 10492 | D:13     | Killed a tengu warrior
 10492 | D:13     | Received a gift from Okawaru
 10492 | D:13     | Reached skill level 1 in Invocations
 10524 | D:13     | Reached skill level 10 in Polearms
 10638 | D:13     | Killed Icoont's ghost
 10638 | D:13     | Received a gift from Okawaru
 10639 | D:13     | Got a polished eveningstar {god gift}
 10640 | D:13     | Identified the +7 eveningstar of Orphougun {venom, rF+}
                  | (Okawaru gifted it to you on level 13 of the Dungeon)
 10650 | D:13     | Killed a naga warrior
 10850 | D:14     | Noticed a tengu warrior
 10864 | D:14     | Killed a tengu warrior
 10864 | D:14     | Reached skill level 1 in Maces & Flails
 10880 | D:14     | Noticed Roxanne
 10925 | D:14     | Noticed a vault guard
 10925 | D:14     | Noticed a vault guard
 10925 | D:14     | Noticed a vault guard
 10926 | D:14     | Noticed a vault guard
 10927 | D:14     | Noticed a vault guard
 10927 | D:14     | Noticed a vault guard
 10929 | D:14     | Noticed a vault guard
 10929 | D:14     | Noticed a vault guard
 10937 | D:14     | Killed a vault guard
 10947 | D:14     | Killed a vault guard
 10947 | D:14     | Reached skill level 1 in Throwing
 10955 | D:14     | Killed a vault guard
 10976 | D:14     | Killed a vault guard
 10984 | D:14     | Killed a vault guard
 10984 | D:14     | Reached XP level 13. HP: 60/121 MP: 2/2
 10985 | D:14     | Found a gate to the Vaults.
 11008 | D:14     | Received a gift from Okawaru
 11051 | D:14     | Reached skill level 5 in Maces & Flails
 11430 | Lair:1   | Entered Level 1 of the Lair of Beasts
 11665 | Lair:1   | Reached skill level 12 in Crossbows
 11708 | Lair:1   | Found a transporter.
 11793 | Lair:1   | Noticed Urug
 11799 | Lair:1   | Killed Urug
 11853 | Lair:1   | Found a transporter.
 12089 | Lair:1   | Got a pair of smoking boots
 12111 | Lair:1   | Reached ****** piety under Okawaru
 12589 | Lair:2   | Reached skill level 10 in Dodging
 12654 | Lair:2   | Identified the +0 pair of boots "Fumuug" {Str+2} (You found
                  | it on level 1 of the Lair of Beasts)
 12735 | Lair:2   | Received a gift from Okawaru
 12826 | Lair:2   | Reached skill level 10 in Fighting
 12847 | Lair:2   | Reached skill level 10 in Armour
 12856 | Lair:2   | Received a gift from Okawaru
 12928 | Lair:2   | Found a runed gate.
 12928 | Lair:2   | Found a runed gate.
 12933 | Lair:2   | Noticed Difoud's ghost (journeyman HuWn)
 12940 | Lair:2   | Found a runed gate.
 13483 | Lair:2   | HP: 1/123 [Difoud's ghost (8)]
 13483 | Lair:2   | Slain by Difoud's ghost

Skill      XL: |  1  2  3  4  5  6  7  8  9 10 11 12 13 |
---------------+----------------------------------------+-----
Crossbows      | 5 6 7 8 9 10 11 12 | 12.4
Fighting       | 2 3 4 5 6 8 9 10 | 10.1
Armour         | 1 2 3 4 6 7 9 10 | 10.0
Dodging        | 3 4 6 7 8 9 10 | 10.2
Polearms       | 1 3 4 6 7 9 10 | 10.1
Stealth        | 2 3 |  3.1
Invocations    | 1 |  1.5
Maces & Flails | 4 7 |  7.5
Throwing       | 1 |  1.4
Short Blades   | |  0.8
Evocations     | |  0.9

Action                   |  1- 3 |  4- 6 |  7- 9 | 10-12 | 13-15 || total
-------------------------+-------+-------+-------+-------+-------++-------
Melee: Short sword       |    25 |    48 |       |       |       ||    73
       Spear             |       |    52 |   203 |   737 |       ||   992
       Eveningstar       |       |       |       |    56 |   130 ||   186
       Punch             |       |       |       |     1 |       ||     1
 Fire: Hand crossbow     |    50 |    54 |    98 |    17 |       ||   219
       Arbalest          |       |       |       |   165 |    98 ||   263
Throw: Tomahawk          |       |       |     4 |     3 |     4 ||    11
Invok: Heroism           |       |       |     1 |     8 |       ||     9
 Abil: Heal Wounds       |       |     3 |    10 |    41 |    11 ||    65
Evoke: Wand              |       |       |       |     3 |       ||     3
  Use: Scroll            |     5 |     7 |     5 |    17 |     2 ||    36
       Potion            |       |       |     1 |     8 |    12 ||    21
  Eat: Ration            |     1 |     1 |     3 |     6 |     2 ||    13
Armor: Leather armour    |    12 |       |       |       |       ||    12
       Chain mail        |     3 |     6 |       |       |       ||     9
       Ring mail         |       |    44 |       |   332 |   142 ||   518
       Scale mail        |       |     4 |    95 |     8 |       ||   107
Dodge: Dodged            |    13 |    97 |   140 |   644 |   268 ||  1162
Block: Other             |     7 |    60 |    87 |   249 |   105 ||   508
       Reflection        |       |     1 |     3 |    11 |       ||    15
